 Dungeon Crawl Stone Soup version 0.29.1-1-gd02db6906a (webtiles) character file.

Game seed: 8372439522985015862

86 xian the Covered (level 4, -6/33 HPs)
             Began as a Minotaur Wanderer on Sept 24, 2022.
             Was a Follower of Fedhas.
             Mangled by Natasha (9 damage)
             ... on level 2 of the Dungeon.
             The game lasted 00:05:57 (3007 turns).

xian the Covered (Minotaur Wanderer)                Turns: 3007, Time: 00:05:58

Health: -6/33      AC:  9    Str: 17    XL:     4   Next: 27%
Magic:  4/4        EV:  9    Int: 14    God:    Fedhas [*.....]
Gold:   80         SH:  0    Dex:  6    Spells: 3/5 levels left

rFire   . . .      SeeInvis .   o - +0 dagger
rCold   . . .      Faith    .   (no shield)
rNeg    + . .      Spirit   .   d - +2 scale mail
rPois   .          Reflect  .   (helmet restricted)
rElec   .          Harm     +   m - scarf {harm}
rCorr   .          Rampage  .   (no gloves)
Will    .....                   (no boots)
Stlth   ..........              (no amulet)
HPRegen 0.11/turn               g - ring of positive energy
MPRegen 0.09/turn               (no ring)

@: no status effects
A: horns 2, retaliatory headbutt
a: Renounce Religion


You were on level 2 of the Dungeon.
You worshipped Fedhas.
Fedhas was aware of your devotion.
You visited 1 branch of the dungeon, and saw 2 of its levels.

You collected 80 gold pieces.

Inventory:

Hand Weapons
 o - a +0 dagger (weapon)
Armour
 d - a +2 scale mail (worn)
 m - a scarf of harm (worn)
Magical Staves
 t - a staff of earth
Jewellery
 g - a ring of positive energy (left hand)
Scrolls
 b - a scroll of teleportation
 e - a scroll of fear {unknown}
 f - 2 scrolls of enchant weapon {unknown}
 k - a scroll of summoning {unknown}
 l - 3 scrolls of identify {unknown}
 n - a scroll of immolation {unknown}
 p - a scroll of amnesia {unknown}
 r - a scroll of silence {unknown}
 u - a scroll of fog {unknown}
Potions
 a - 2 potions of haste {unknown}
 c - a potion of berserk rage
 h - 2 potions of cancellation {unknown}
 i - a potion of mutation {unknown}
 j - a potion of heal wounds {unknown}
 s - a potion of lignification {unknown}
 v - a potion of resistance {unknown}


   Skills:
 + Level 0.3 Fighting
 + Level 1.4 Short Blades
 + Level 1.2 Maces & Flails
 + Level 7.0 Armour
 + Level 1.5 Dodging
 + Level 1.0 Stealth
 + Level 1.1 Spellcasting
 - Level 1.5 Necromancy
 * Level 0.2 Earth Magic


You had 3 spell levels left.
You knew the following spells:

 Your Spells              Type           Power      Damage    Failure   Level
a - Necrotise             Necr           20%        1d5       38%         1
b - Sandblast             Erth           2%         2d4       56%         1

Your spell library contained the following spells:

 Spells                   Type           Power      Damage    Failure   Level
 Sting                    Tmut/Pois      0%         1d3       58%         1
 Passwall                 Tmut/Erth      0%         N/A       71%         2
 Poisonous Vapours        Pois/Air       0%         N/A       75%         2
 Vampiric Draining        Necr           5%         2d6       77%         3
 Stone Arrow              Conj/Erth      2%         3d7       91%         3
 Olgreb's Toxic Radiance  Pois           0%         N/A       100%        4


Dungeon Overview and Level Annotations

Branches:
Dungeon (2/15)

Altars:
Fedhas

Annotations:
D:2 Natasha


Innate Abilities, Weirdness & Mutations

You have a pair of horns on your head.
You reflexively headbutt those who attack you in melee.


Message History

* * * LOW HITPOINT WARNING * * *
You hit Natasha but do no damage.
Natasha is heavily wounded.
Natasha barely misses you.
You barely miss Natasha.
Natasha is heavily wounded.
Natasha mewls in sadness.
Natasha mumbles some strange words.
You hit Natasha but do no damage.
Natasha is heavily wounded.
You are too injured to fight recklessly!
Throw: 3 javelins
Press: ? - help, Q - select action, (/) - cycle Shift-Dir - straight line, f/p - Natasha
Aim: Natasha (heavily wounded, 40% to hit)
You throw a javelin. The javelin pierces through Natasha.
Natasha is almost dead.
Natasha stares at you and mumbles some strange words.
The magic dart hits you.
* * * LOW HITPOINT WARNING * * *
Natasha mumbles some strange words.
Throw: 2 javelins
Press: ? - help, Q - select action, (/) - cycle Shift-Dir - straight line, f/p - Natasha
Aim: Natasha (almost dead, 40% to hit)
You throw a javelin. The javelin barely misses Natasha.
The javelin pierces through the crimson imp.
The crimson imp is lightly wounded.
Natasha claws you but does no damage.
The crimson imp shouts, "Get thee hence, thou hateful elf-skinned deadneck!"
The crimson imp blinks!
Unknown command.
Throw: javelin
Press: ? - help, Q - select action, (/) - cycle Shift-Dir - straight line, f/p - Natasha
Aim: Natasha (almost dead, 40% to hit)
You throw a javelin. The javelin barely misses Natasha.
The javelin pierces through the white imp.
The white imp is lightly wounded.
Natasha extends her claws.
Natasha claws you!
You die...
Fedhas appreciates your contribution to the ecosystem.

#.#########...#.....)....
######.............#..........
#.......############..........
#.#.......# #..........
#.#.......# ##..........
#.#.......# #.(..[......
#.#.......# #####...........
#.#.......#####...............
#.#.......##.@h5...((.........
#.#..........##.........######
#.#....>.....##.........#
#.#...........#.........#
#.#.........#.#.....5...#
#.#######...#.########### #.#
#...#.# ######### #.#
#...#.### #........ #.#
#####...######........


You could see Natasha, a crimson imp (summoned) and a white imp (summoned).

Vanquished Creatures
  Natasha (D:2)
  2 adders (D:2)
  A worm (D:2)
  6 ball pythons (D:1)
  4 endoplasms (D:2)
  A giant cockroach (D:1)
  5 goblins
  4 hobgoblins
  2 jackals (D:1)
  5 bats
  5 frilled lizards
  5 kobolds
  A rat (D:2)
42 creatures vanquished.

Notes
Turn   | Place    | Note
-------+----------+-------------------------------------------
     0 | D:1      | xian the Minotaur Wanderer began the quest for the Orb.
     0 | D:1      | xian set off with the following items: a +0 club, a scroll
                  | of teleportation, a potion of berserk rage, a +2 scale
                  | mail; and the following spell memorised: Necrotise; and the
                  | following spells available to memorise: Vampiric Draining.
     0 | D:1      | Reached XP level 1. HP: 14/14 MP: 1/1
   386 | D:1      | Reached XP level 2. HP: 18/20 MP: 0/2
   555 | D:1      | Found a faded altar of an unknown god.
   573 | D:1      | Prayed at the altar of an unknown god.
   573 | D:1      | Became a worshipper of Fedhas Madash
   573 | D:1      | Reached * piety under Fedhas
   934 | D:1      | Reached skill level 1 in Maces & Flails
  1730 | D:1      | Learned a level 1 spell: Sandblast
  1820 | D:2      | Reached XP level 3. HP: 26/26 MP: 3/3
  2644 | D:2      | Noticed Natasha
  2650 | D:2      | Reached skill level 1 in Short Blades
  2654 | D:2      | Killed Natasha
  2655 | D:2      | Reached XP level 4. HP: 16/33 MP: 4/4
  2927 | D:2      | Reached skill level 7 in Armour
  2993 | D:2      | Noticed Natasha
  3007 | D:2      | Mangled by Natasha

Illustrated notes

Levels and vault maps discovered:
D:1:      minmay_arrival_radiant_lines, layout_loops_corners,
          chequers_ecumenical_altar_simple
D:2:      layout_basic, uniq_natasha

Skill      XL: |  1  2  3  4 |
---------------+-------------+-----
Maces & Flails | 1 |  1.2
Short Blades   | 1 |  1.4
Armour         | 7 |  7.0
Fighting       | |  0.3
Dodging        | |  1.5
Stealth        | |  1.0
Spellcasting   | |  1.1
Necromancy     | |  1.5
Earth Magic    | |  0.2

Action                   |  1- 3 |  4- 6 || total
-------------------------+-------+-------++-------
Melee: Club              |    26 |       ||    26
       Headbutt          |    12 |     2 ||    14
       Dagger            |   100 |    19 ||   119
       Punch             |     2 |       ||     2
Throw: Javelin           |     4 |     6 ||    10
 Cast: Necrotise         |     5 |       ||     5
Armor: Scale mail        |    90 |     6 ||    96
Dodge: Dodged            |    84 |     7 ||    91
